 Dungeon Crawl Stone Soup version 0.19-a0-1895-g783e625 (webtiles) character file.

16 FrankyJ the Firebug (level 2, -9/19 HPs)
             Began as a Demonspawn Fire Elementalist on Oct 19, 2016.
             Mangled by Terence
             ... wielding a +0 flail
              (10 damage)
             ... on level 2 of the Dungeon.
             The game lasted 00:02:48 (1242 turns).

FrankyJ the Firebug (Demonspawn Fire Elementalist)  Turns: 1242, Time: 00:02:49

Health: -9/19      AC:  2    Str:  8    XL:     2   Next: 41%
Magic:  3/5        EV: 12    Int: 16    God:
Gold:   42         SH:  0    Dex: 13    Spells: 2 memorised, 2 levels left

rFire  . . .     SeeInvis .     j - +0 dagger
rCold  . . .     Gourm    .     a - +0 robe
rNeg   . . .     Faith    .     (no shield)
rPois  .         Spirit   .     (no helmet)
rElec  .         Reflect  .     (no cloak)
rCorr  .         Harm     .     (no gloves)
MR     .....                    (no boots)
Stlth  ++........               (no amulet)
                                (no ring)
                                (no ring)

@: about to teleport
A: demonic guardian 1
a: no special abilities


You were on level 2 of the Dungeon.
You were hungry.

You visited 1 branch of the dungeon, and saw 2 of its levels.

You collected 42 gold pieces.

Inventory:

Hand Weapons
 j - a +0 dagger (weapon)
Missiles
 f - 10 poisoned needles
Armour
 a - a +0 robe (worn)
Scrolls
 e - a scroll of recharging {unknown}
 i - a scroll of amnesia {unknown}
 k - a scroll of magic mapping {unknown}
 l - a scroll of blinking {unknown}
 n - a scroll of enchant armour {unknown}
Potions
 g - a potion of lignification {unknown}
 h - a potion of brilliance {unknown}
Books
 b - a book of Flames

   Spells                             Type                      Level
   a - Flame Tongue                   Conjuration/Fire             1
   b - Throw Flame                    Conjuration/Fire             2
   c - Conjure Flame                  Conjuration/Fire             3
   d - Inner Flame                    Hexes/Fire                   3
   e - Sticky Flame                   Conjuration/Fire             4
   f - Fireball                       Conjuration/Fire             5
Comestibles
 c - a bread ration
 m - 3 chunks of flesh


   Skills:
 + Level 2.2 Dodging
 - Level 2.1 Stealth
 - Level 2.0 Spellcasting
 + Level 1.4 Conjurations
 - Level 2.6 Fire Magic


You had 2 spell levels left.
You knew the following spells:

 Your Spells              Type           Power        Failure   Level  Hunger
a - Flame Tongue          Conj/Fire      #....        10%         1    #......
b - Throw Flame           Conj/Fire      #.....       14%         2    ###....


Dungeon Overview and Level Annotations

Branches:
Dungeon (2/15)

Altars:

Annotations:
D:2 Terence


Innate Abilities, Weirdness & Mutations

A weak demonic guardian rushes to your aid.


Message History

Memorise Throw Flame, consuming 2 spell levels and leaving 2?
You start memorising the spell.
You continue memorising. x2
The jackal barks!
You finish memorising.
Spell assigned to 'b'.
Casting: Flame Tongue
Confirm with . or Enter, or press ? or * to list all spells.
Aiming: Throw Flame
Press: ? - help, Shift-Dir - straight line, f/p - jackal
Aim: a jackal The puff of flame hits something.
You are feeling hungry.
You miss something. Something hits you!
You closely miss something. Something hits you!
* * * LOW HITPOINT WARNING * * *
As you read the scroll labeled FIDATT LORGHENLEW, it crumbles to dust.
You feel strangely unstable.
It was a scroll of teleportation.
A rat comes into view.
Something hits you!
Ouch! That really hurt!
You die...

#..# ####### #..#
#.....# #..# #.###.#
###.$# #.# #.#
....###########.# #.#
#.....r$...hh.@.# #.#
#..@.##############.##
#.<..+ ...........(..#
#....# ###############
....### .....# ..>..#
.....# ......


You could see 2 jackals.

Vanquished Creatures
  2 bats (D:1)
  7 hobgoblins (D:1)
  A frilled lizard (D:2)
  2 goblins (D:1)
  A kobold (D:1)
  2 rats (D:1)
15 creatures vanquished.

Notes
Turn   | Place    | Note
-------+----------+-------------------------------------------
     0 | D:1      | FrankyJ the Demonspawn Fire Elementalist began the quest for the Orb.
     0 | D:1      | Reached XP level 1. HP: 13/13 MP: 3/3
   625 | D:1      | Gained mutation: A weak demonic guardian rushes to your aid. [demonic ancestry]
   625 | D:1      | Reached XP level 2. HP: 19/19 MP: 0/5
  1120 | D:2      | Noticed Terence
  1238 | D:2      | Learned a level 2 spell: Throw Flame
  1242 | D:2      | Mangled by Terence

Vault maps used:
D:1:      ncdulo_smallfort
D:2:      minmay_roachtagon, bloody_trog, uniq_terence

Skill      XL: |  1 |
---------------+----+-----
Dodging        | 2 |  2.2
Stealth        | 2 |  2.1
Spellcasting   | |  2.0
Conjurations   | |  1.4
Fire Magic     | |  2.6

Action                   || total
-------------------------++-------
Melee: Dagger            ||    20
       Unarmed           ||     1
 Cast: Flame Tongue      ||    32
       Throw Flame       ||     1
  Use: Scroll            ||     1
  Eat: Chunk             ||     1
Armor: Robe              ||    10
Dodge: Dodged            ||    18
